cohdb
Replays
Latest Replays
All Replays
Popular Replays
Top Player Replays
Match Explorer
How It Works
Community
CoH3 Stats
Reddit
Sign in to upload your games and track your stats! →
Sign in with Steam
Match 39221027
Unlisted
Match 39221027
Overview
Messages
Build Orders
End
Pioneer Squad
Construct Infanterie Kompanie
Selects Breakthrough Battlegroup
Selects Assault Grenadiers
Grenadier Squad
Grenadier Squad
Grenadier Squad
MG 42 Machine Gun Team
Construct Panzergrenadier Kompanie
Infanterie Officer Quarters
Pak 40 Anti-tank Gun Team
Selects Rapid Production
Pak 40 Anti-tank Gun Team
Construct Panzer Kompanie
Stoßtruppen Squad
Panzer IV Medium Tank
Selects Smoke Bombing Run
Selects Incendiary Bombing Run
Pioneer Squad
Stoßtruppen Squad
Panzer IV Medium Tank
Incendiary Bombing Run
Selects Blitzkrieg
Stoßtruppen Squad
Stoßtruppen Squad
Medical Station
Selects Tiger Heavy Tank
MG 42 Machine Gun Team
MG 42 Machine Gun Team
AI Takeover
CaptainProlo
sword_crusher
0
0
Comments
sign in to comment!
No comments posted yet!